 Dungeon Crawl Stone Soup version 0.28.0-1-gb440e238dd (webtiles) character file.

Game seed: 16456702202146628024

22 lonewolfV2 the Skirmisher (level 2, 0/27 HPs)
             Began as a Hill Orc Fighter on Feb 20, 2022.
             Slain by Sigmund (4 damage)
             ... on level 2 of the Dungeon.
             The game lasted 00:00:44 (822 turns).

lonewolfV2 the Skirmisher (Hill Orc Fighter)         Turns: 822, Time: 00:00:45

Health: 0/27       AC:  6    Str: 18    XL:     2   Next: 91%
Magic:  2/2        EV:  6    Int:  8    God:
Gold:   19         SH:  4    Dex: 10    Spells: 1/1 levels left

rFire   . . .      SeeInvis .   a - +0 war axe
rCold   . . .      Faith    .   c - +0 buckler
rNeg    . . .      Spirit   .   b - +0 scale mail
rPois   .          Reflect  .   (no helmet)
rElec   .          Harm     .   (no cloak)
rCorr   .          Rampage  .   (no gloves)
Will    .....                   (no boots)
Stlth   ..........              (no amulet)
HPRegen 0.09/turn               (no ring)
MPRegen 0.08/turn               (no ring)

@: constricted
A: no striking features
a: no special abilities


You were on level 2 of the Dungeon.
You visited 1 branch of the dungeon, and saw 2 of its levels.

You collected 19 gold pieces.

Inventory:

Hand Weapons
 a - a +0 war axe (weapon)
Armour
 b - a +0 scale mail (worn)
 c - a +0 buckler (worn)
Scrolls
 f - a scroll of immolation {unknown}
 g - 2 scrolls of identify {unknown}
 i - 2 scrolls of fog {unknown}
 k - a scroll of noise {unknown}
Potions
 d - a potion of might
 e - a potion of mutation {unknown}
 h - a potion of haste {unknown}
 j - a potion of invisibility {unknown}


   Skills:
 + Level 3.9 Fighting
 + Level 3.0 Axes
 + Level 3.5 Armour
 + Level 0.3 Dodging
 + Level 3.7 Shields


You had one spell level left.
You didn't know any spells.
Your spell library was empty.

Dungeon Overview and Level Annotations

Branches:
Dungeon (2/15)

Altars:

Annotations:
D:2 Sigmund


Message History

A ball python is nearby!
You slash the ball python!
You kill the ball python!
You see here a ball python corpse.
Done exploring.
Done exploring.
Done exploring.
Done exploring.
Unknown command.
You can't go down here!
There is a stone staircase leading down here.
You climb downwards.
Sigmund shouts!
The ball python hisses angrily.
Found a scroll labelled BYSSIA TIMMOO and 12 gold pieces.
There is a stone staircase leading up here.
The bat hits you but does no damage.
You slash the bat!
You kill the bat!
You hit the bat.
You kill the bat!
Your Axes skill increases to level 3!
The ball python bites you but does no damage.
The ball python grabs you. The ball python constricts you.
The ball python bites you but does no damage.
The ball python constricts you.
You hit the ball python but do no damage.
The ball python bites you but does no damage.
The ball python constricts you.
You barely miss the ball python. The ball python bites you.
The ball python constricts you.
Sigmund hits you from afar with a +5 vorpal scythe!
The ball python bites you but does no damage.
The ball python constricts you.
You hit the ball python.
The ball python is severely wounded.
The ball python bites you but does no damage.
The ball python constricts you.
Sigmund hits you from afar with a +5 vorpal scythe!
* * * LOW HITPOINT WARNING * * *
You die...

## . . .# .. #.
#..###.#####
#.....#...#
#$..†...####
..#.@S@..?...#
#.......<..##.#
.....###......#
.... #....###
.## #....#
#....# ####.#
.# .#


You could see Sigmund and a ball python.

Vanquished Creatures
  2 ball pythons (D:1)
  5 bats
  2 endoplasms (D:1)
  A giant cockroach (D:1)
  2 goblins (D:1)
  A kobold (D:1)
  4 quokkas (D:1)
  A frilled lizard (D:1)
18 creatures vanquished.

Notes
Turn   | Place    | Note
-------+----------+-------------------------------------------
     0 | D:1      | lonewolfV2 the Hill Orc Fighter began the quest for the
                  | Orb.
     0 | D:1      | Reached XP level 1. HP: 19/19 MP: 1/1
   111 | D:1      | Reached XP level 2. HP: 27/27 MP: 2/2
   816 | D:2      | Noticed Sigmund
   822 | D:2      | Slain by Sigmund

Illustrated notes

Levels and vault maps discovered:
D:1:      dpeg_arrival_renting, layout_basic, wad_floor_pattern_untrapped,
          minivault_27
D:2:      layout_rooms, ebering_ecumenical_altar_webs, uniq_sigmund,
          uniq_terence

Skill      XL: |  1  2 |
---------------+-------+-----
Axes           | 3 |  3.0
Fighting       | |  3.9
Armour         | |  3.5
Dodging        | |  0.3
Shields        | |  3.7

Action                   || total
-------------------------++-------
Melee: War axe           ||    49
Armor: Scale mail        ||    41
Dodge: Dodged            ||    28
Block: Buckler           ||    21
